ITL
BIRMINGHAM BARONS @ TOPEKA TORNADOS
05/06/2028
 
TOP OF THE 1ST
Birmingham Barons batting - Pitching for Topeka Tornados : LHP Tony Rivera
Pitching: LHP Tony Rivera
Batting: SHB Tony Echevarría 0-0: Ball
1-0: Ball
2-0: Fly out, F8 (Flyball, 8RS)
Batting: RHB Juan Jiménez 0-0: Called Strike
0-1: Ground out 5-3 (Groundball, 56)
Batting: RHB Dave Dawson 0-0: Ball
1-0: Ball
2-0: Called Strike
2-1: Fly out, F9 (Flyball, 9S)
Top of the 1st over - 0 run(s), 0 hit(s), 0 error(s), 0 left on base; Birmingham 0 - Topeka 0
BOTTOM OF THE 1ST
Topeka Tornados batting - Pitching for Birmingham Barons : LHP Gonzalo Martínez
Pitching: LHP Gonzalo Martínez
Batting: SHB Javier Peña 0-0: Ball
1-0: Called Strike
1-1: Fly out, F9 (Flyball, 9S)
Batting: SHB José González 0-0: Ball
1-0: Called Strike
1-1: Ball
2-1: Fly out, F5 (Popup, 5L)
Batting: LHB Ryan Drake 0-0: Swinging Strike
0-1: Ball
1-1: SOLO HOME RUN (Flyball, 9LD), Distance : 340 ft
Batting: LHB José López 0-0: Called Strike
0-1: Foul Ball, location: 2F
0-2: Ball
1-2: SINGLE (Line Drive, 6MD)
Batting: LHB Ramón Pérez 0-0: Swinging Strike
0-1: Foul Ball, location: 2F
0-2: Ball
1-2: Strikes out swinging
Bottom of the 1st over - 1 run(s), 2 hit(s), 0 error(s), 1 left on base; Birmingham 0 - Topeka 1
TOP OF THE 2ND
Birmingham Barons batting - Pitching for Topeka Tornados : LHP Tony Rivera
Batting: SHB Theron Harper 0-0: Fly out, F8 (Flyball, 8LM)
Batting: LHB Chris Miller 0-0: Called Strike
0-1: Ball
1-1: Ball
2-1: Foul Ball, location: 2F
2-2: Foul Ball, location: 2F
2-2: Foul Ball, location: 2F
2-2: Strikes out swinging
Batting: RHB Peyton Yardley 0-0: Ball
1-0: Called Strike
1-1: Ball
2-1: Ball
3-1: Foul Ball, location: 2F
3-2: Fly out, F8 (Flyball, 8LM)
Top of the 2nd over - 0 run(s), 0 hit(s), 0 error(s), 0 left on base; Birmingham 0 - Topeka 1
BOTTOM OF THE 2ND
Topeka Tornados batting - Pitching for Birmingham Barons : LHP Gonzalo Martínez
Batting: RHB Bob Hall 0-0: Ball
1-0: Ball
2-0: Ball
3-0: Base on Balls
Batting: LHB Yoshiaki Ohayashi 0-0: Swinging Strike
0-1: Ball
1-1: Fielders Choice at 2nd, 6-4 (Groundball, 6M)
Batting: LHB Edward Rose 0-0: Swinging Strike
0-1: Ball
1-1: Called Strike
1-2: Ball
2-2: Strikes out swinging
Batting: SHB Giancarlo Giannini 0-0: Ball
1-0: SINGLE (Groundball, 4MD)
Yoshiaki Ohayashi to second
Runner from 2nd tries for 3rd, SAFE, throw made to third
Batting: SHB Javier Peña 0-0: Ball
1-0: Called Strike
1-1: Ball
2-1: Ball
3-1: Base on Balls
Giancarlo Giannini to second
Batting: SHB José González 0-0: Called Strike
0-1: Swinging Strike
0-2: Ball
1-2: Strikes out swinging
Bottom of the 2nd over - 0 run(s), 1 hit(s), 0 error(s), 3 left on base; Birmingham 0 - Topeka 1
TOP OF THE 3RD
Birmingham Barons batting - Pitching for Topeka Tornados : LHP Tony Rivera
Batting: RHB Eric Johnson 0-0: Ball
1-0: Called Strike
1-1: Foul Ball, location: 2F
1-2: Fly out, F9 (Line Drive, 9LM)
Batting: LHB John Haney 0-0: Fly out, F8 (Flyball, 8LM)
Batting: RHB Vicente Elías 0-0: Ground out 4-3 (Groundball, 4)
Top of the 3rd over - 0 run(s), 0 hit(s), 0 error(s), 0 left on base; Birmingham 0 - Topeka 1
BOTTOM OF THE 3RD
Topeka Tornados batting - Pitching for Birmingham Barons : LHP Gonzalo Martínez
Batting: LHB Ryan Drake 0-0: Ground out 6-3 (Groundball, 6)
Batting: LHB José López 0-0: Ball
1-0: Swinging Strike
1-1: Swinging Strike
1-2: Strikes out looking
Batting: LHB Ramón Pérez 0-0: Ground out 4-3 (Groundball, 34)
Bottom of the 3rd over - 0 run(s), 0 hit(s), 0 error(s), 0 left on base; Birmingham 0 - Topeka 1
TOP OF THE 4TH
Birmingham Barons batting - Pitching for Topeka Tornados : LHP Tony Rivera
Batting: SHB Tony Echevarría 0-0: Called Strike
0-1: Ball
1-1: SINGLE (Groundball, 4D)
Batting: RHB Juan Jiménez 0-0: Fly out, F9 (Flyball, 9)
Batting: RHB Dave Dawson 0-0: Ball
1-0: Called Strike
1-1: Ball
2-1: Foul Ball, location: 2F
2-2: Foul Ball, location: 2F
2-2: Foul Ball, location: 2F
2-2: Ball
3-2: Fly out, F8 (Flyball, 8RS)
Batting: SHB Theron Harper 0-0: Called Strike
0-1: Called Strike
0-2: Ball
1-2: Foul Ball, location: 2F
1-2: Ball
2-2: SINGLE (Line Drive, 89S)
Tony Echevarría to second
Batting: LHB Chris Miller 0-0: Called Strike
0-1: Ball
1-1: Ball
2-1: Swinging Strike
2-2: Strikes out looking
Top of the 4th over - 0 run(s), 2 hit(s), 0 error(s), 2 left on base; Birmingham 0 - Topeka 1
BOTTOM OF THE 4TH
Topeka Tornados batting - Pitching for Birmingham Barons : LHP Gonzalo Martínez
Batting: RHB Bob Hall 0-0: Ball
1-0: Ground out 5-3 (Groundball, 56)
Batting: LHB Yoshiaki Ohayashi 0-0: Called Strike
0-1: Swinging Strike
0-2: Ball
1-2: Ball
2-2: Strikes out swinging
Batting: LHB Edward Rose 0-0: Called Strike
0-1: Ball
1-1: Ball
2-1: Foul Ball, location: 2F
2-2: Ball
3-2: Foul Ball, location: 2F
3-2: Strikes out swinging
Bottom of the 4th over - 0 run(s), 0 hit(s), 0 error(s), 0 left on base; Birmingham 0 - Topeka 1
TOP OF THE 5TH
Birmingham Barons batting - Pitching for Topeka Tornados : LHP Tony Rivera
Batting: RHB Peyton Yardley 0-0: Ball
1-0: Ball
2-0: SINGLE (Groundball, 6D)
Batting: RHB Eric Johnson 0-0: Ball
1-0: Fly out, F9 (Flyball, 89D)
Batting: LHB John Haney 0-0: Ball
1-0: Swinging Strike
1-1: Called Strike
1-2: Ball
2-2: Foul Ball, location: 2F
2-2: Ball
3-2: Foul Ball, location: 2F
3-2: Strikes out swinging
Peyton Yardley steals 2nd base
Batter strikes out.
Batting: RHB Vicente Elías 0-0: Ball
1-0: DOUBLE (Groundball, 5L)
Peyton Yardley scores
Batting: SHB Tony Echevarría 0-0: Swinging Strike
0-1: Ball
1-1: Ball
2-1: Fly out, F7 (Flyball, 7)
Top of the 5th over - 1 run(s), 2 hit(s), 0 error(s), 1 left on base; Birmingham 1 - Topeka 1
BOTTOM OF THE 5TH
Topeka Tornados batting - Pitching for Birmingham Barons : LHP Gonzalo Martínez
Batting: SHB Giancarlo Giannini 0-0: Bunt for hit - play at first, batter safe!
Batting: SHB Javier Peña 0-0: Called Strike
0-1: Ball
1-1: Swinging Strike
1-2: Ball
2-2: Foul Ball, location: 2F
2-2: Foul Ball, location: 2F
2-2: Ground out 5-3 (Groundball, 56S)
Giancarlo Giannini to second
Batting: SHB José González 0-0: Ground out 6-3 (Groundball, 6S)
Giancarlo Giannini to third
Batting: LHB Ryan Drake 0-0: Ball
1-0: SINGLE (Groundball, 34D)
Giancarlo Giannini scores
Batting: LHB José López 0-0: Ball
1-0: Foul Ball, location: 2F
1-1: Called Strike
1-2: Ball
2-2: Ball
3-2: SINGLE (Groundball, 4MD)
Ryan Drake to second
Ryan Drake to third
Batting: LHB Ramón Pérez 0-0: Ground out 4-3 (Groundball, 4M)
Bottom of the 5th over - 1 run(s), 3 hit(s), 0 error(s), 2 left on base; Birmingham 1 - Topeka 2
TOP OF THE 6TH
Birmingham Barons batting - Pitching for Topeka Tornados : LHP Tony Rivera
Batting: RHB Juan Jiménez 0-0: Ball
1-0: Ground out 5-3 (Groundball, 56)
Batting: RHB Dave Dawson 0-0: Ball
1-0: Ground out 6-3 (Groundball, 6)
Batting: SHB Theron Harper 0-0: Ball
1-0: Foul Ball, location: 2F
1-1: Ball
2-1: Ball
3-1: Base on Balls
Batting: LHB Chris Miller 0-0: Ball
1-0: SINGLE (Groundball, 6D)
Theron Harper to second
Pitching: RHP Gerald Hood
Batting: RHB Peyton Yardley 0-0: Foul Ball, location: 2F
0-1: Called Strike
0-2: Ball
1-2: Strikes out swinging
Top of the 6th over - 0 run(s), 1 hit(s), 0 error(s), 2 left on base; Birmingham 1 - Topeka 2
BOTTOM OF THE 6TH
Topeka Tornados batting - Pitching for Birmingham Barons : LHP Gonzalo Martínez
Batting: RHB Bob Hall 0-0: Foul Ball, location: 2F
0-1: Ball
1-1: Ball
2-1: Ground out 6-3 (Groundball, 6)
Batting: LHB Yoshiaki Ohayashi 0-0: SINGLE (Groundball, 56D)
Batting: LHB Edward Rose 0-0: Foul Ball, location: 2F
0-1: Foul Ball, location: 2F
0-2: SINGLE (Groundball, 34D)
Yoshiaki Ohayashi to second
Runner from 2nd tries for 3rd, SAFE, throw made to third
Batting: SHB Giancarlo Giannini Pickoff Throw to First - Out!
0-0: Ground out 1-3 (Groundball, P)
Bottom of the 6th over - 0 run(s), 2 hit(s), 0 error(s), 1 left on base; Birmingham 1 - Topeka 2
TOP OF THE 7TH
Birmingham Barons batting - Pitching for Topeka Tornados : RHP Gerald Hood
Batting: RHB Eric Johnson 0-0: Called Strike
0-1: Swinging Strike
0-2: Strikes out looking
Batting: LHB John Haney 0-0: Ball
1-0: Ball
2-0: Swinging Strike
2-1: Foul Ball, location: 2F
2-2: Ball
3-2: Foul Ball, location: 2F
3-2: Base on Balls
Pinch Hitting: LHB José Rivera 0-0: Called Strike
John Haney steals 2nd base
0-1: Ball
1-1: DOUBLE (Groundball, 3L)
John Haney scores
Batting: SHB Tony Echevarría 0-0: Ball
1-0: Called Strike
1-1: Foul Ball, location: 2F
1-2: SINGLE (Groundball, 34D)
José Rivera to third
Pinch Hitting: LHB Marc May 0-0: Ball
1-0: Swinging Strike
1-1: Ball
2-1: Swinging Strike
2-2: Ball
3-2: 3-RUN HOME RUN (Flyball, 9D), Distance : 387 ft
Pitching: RHP Clark Edwards
Batting: RHB Dave Dawson 0-0: Fly out, F9 (Flyball, 9S)
Batting: SHB Theron Harper 0-0: Swinging Strike
0-1: Foul Ball, location: 2F
0-2: Foul Ball, location: 2F
0-2: Foul Ball, location: 2F
0-2: Ball
1-2: Foul Ball, location: 2F
1-2: Fly out, F8 (Flyball, 8LD)
Top of the 7th over - 4 run(s), 3 hit(s), 0 error(s), 0 left on base; Birmingham 5 - Topeka 2
BOTTOM OF THE 7TH
Topeka Tornados batting - Pitching for Birmingham Barons : LHP Gonzalo Martínez
Now at 1B: Marc May
Now at SS: Carlos Vásquez
Batting: SHB Javier Peña 0-0: Called Strike
0-1: Ball
1-1: Swinging Strike
1-2: Ball
2-2: Strikes out looking
Batting: SHB José González 0-0: Swinging Strike
0-1: Ball
1-1: Foul Ball, location: 2F
1-2: Ground out 6-3 (Groundball, 56)
Batting: LHB Ryan Drake 0-0: Ball
1-0: Foul Ball, location: 2F
1-1: Swinging Strike
1-2: Strikes out looking
Bottom of the 7th over - 0 run(s), 0 hit(s), 0 error(s), 0 left on base; Birmingham 5 - Topeka 2
TOP OF THE 8TH
Birmingham Barons batting - Pitching for Topeka Tornados : RHP Clark Edwards
Batting: LHB Chris Miller 0-0: Called Strike
0-1: Ball
1-1: Ground out U3 (Groundball, 34)
Batting: RHB Peyton Yardley 0-0: Swinging Strike
0-1: Foul Ball, location: 2F
0-2: Fly out, F9 (Flyball, 9S)
Batting: RHB Eric Johnson 0-0: Called Strike
0-1: Foul Ball, location: 2F
0-2: Strikes out looking
Top of the 8th over - 0 run(s), 0 hit(s), 0 error(s), 0 left on base; Birmingham 5 - Topeka 2
BOTTOM OF THE 8TH
Topeka Tornados batting - Pitching for Birmingham Barons : LHP Gonzalo Martínez
Pitching: RHP Guillermo Lozano
Batting: LHB José López 0-0: Fly out, F6 (Popup, 6S)
Batting: LHB Ramón Pérez 0-0: DOUBLE (Line Drive, 78M)
Batting: RHB Bob Hall 0-0: Called Strike
0-1: Called Strike
0-2: Ball
1-2: Ball
2-2: Strikes out swinging
Pitching: RHP Stanley Briggs
Batting: LHB Yoshiaki Ohayashi 0-0: Foul Ball, location: 2F
0-1: Ball
1-1: Foul Ball, location: 2F
1-2: Foul Ball, location: 2F
1-2: Ground out 6-3 (Groundball, 6M)
Bottom of the 8th over - 0 run(s), 1 hit(s), 0 error(s), 1 left on base; Birmingham 5 - Topeka 2
TOP OF THE 9TH
Birmingham Barons batting - Pitching for Topeka Tornados : RHP Clark Edwards
Batting: LHB John Haney 0-0: Foul Ball, location: 2F
0-1: Swinging Strike
0-2: SOLO HOME RUN (Line Drive, 9D), Distance : 374 ft
Batting: RHB Carlos Vásquez 0-0: Foul Ball, location: 2F
0-1: DOUBLE (Line Drive, 7LS)
Batting: SHB Tony Echevarría 0-0: Ball
1-0: Called Strike
1-1: Foul Ball, location: 2F
1-2: Strikes out swinging
Batting: LHB Marc May 0-0: Intentional Walk
Batting: RHB Dave Dawson 0-0: Ball
Throwing error on steal attempt, E2
Carlos Vásquez scores
Marc May to third
1-0: Swinging Strike
1-1: Swinging Strike
1-2: Ball
2-2: Strikes out looking
Pitching: LHP Pedro Vega
Batting: SHB Theron Harper 0-0: Called Strike
0-1: Foul Ball, location: 2F
0-2: Foul Ball, location: 2F
0-2: Ball
1-2: Strikes out swinging
Top of the 9th over - 2 run(s), 2 hit(s), 1 error(s), 1 left on base; Birmingham 7 - Topeka 2
BOTTOM OF THE 9TH
Topeka Tornados batting - Pitching for Birmingham Barons : RHP Stanley Briggs
Batting: LHB Edward Rose 0-0: Foul Ball, location: 2F
0-1: Foul Ball, location: 2F
0-2: SINGLE (Line Drive, 8RS)
Batting: SHB Giancarlo Giannini 0-0: Swinging Strike
0-1: Ball
1-1: Ground out 6-3 (Groundball, 6MS)
Edward Rose to second
Batting: SHB Javier Peña 0-0: Called Strike
0-1: Ball
1-1: Fly out, F8 (Flyball, 89M)
Batting: SHB José González 0-0: Ball
1-0: Ball
2-0: Foul Ball, location: 2F
2-1: Ball
3-1: Base on Balls
Batting: LHB Ryan Drake 0-0: Ball
1-0: Foul Ball, location: 2F
1-1: Swinging Strike
1-2: Ball
2-2: Fly out, F4 (Line Drive, 4D)
Bottom of the 9th over - 0 run(s), 1 hit(s), 0 error(s), 2 left on base; Birmingham 7 - Topeka 2
Tuesday, August 8th, 2017 - OOTP Baseball 17.12 Build 75